 Dungeon Crawl Stone Soup version 0.27-a0-1147-gb3d8e82157 (webtiles) character file.

Game seed: 9361693115900241470

58 robertstho the Magician (level 4, -3/31 HPs)
             Began as a Djinni Fire Elementalist on May 11, 2021.
             Slain by a gnoll
             ... wielding a +3 whip
              (8 damage)
             ... on level 2 of the Dungeon.
             The game lasted 00:02:35 (1703 turns).

robertstho the Magician (Djinni Fire Elementalist)  Turns: 1703, Time: 00:02:35

Health: -3/31      AC:  2    Str:  7    XL:     4   Next: 2%
Gold:   24         EV: 12    Int: 17    God:
                   SH:  0    Dex: 14

rFire    + + +     SeeInvis .   b - +0 dagger
rCold    x . .     Faith    .   (no shield)
rNeg     . . .     Spirit   .   a - +0 robe
rPois    ∞         Reflect  .   (no helmet)
rElec    .         Harm     .   (no cloak)
rCorr    .         Rampage  .   (no gloves)
Will     .....                  (boots unavailable)
Stlth    ++........             (no amulet)
HPRegen  0.10/turn              e - ring of protection from fire
MPRegen  0.00/turn              (no ring)

@: flying
A: sickness immunity, fire resistance 2, cold vulnerability 1, float, innate
caster, hp casting, extra vitality 1
a: no special abilities


You were on level 2 of the Dungeon.
You visited 1 branch of the dungeon, and saw 2 of its levels.

You collected 24 gold pieces.

Inventory:

Hand Weapons
 b - a +0 dagger (weapon)
Armour
 a - a +0 robe (worn)
Jewellery
 e - a ring of protection from fire (left hand)
Potions
 d - 2 potions of flight {unknown}


   Skills:
 + Level 2.4 Dodging
 + Level 2.1 Stealth
 + Level 3.8 Spellcasting


You couldn't memorise any spells.
You knew the following spells:

 Your Spells              Type           Power      Damage    Failure   Level
a - Foxfire               Conj/Fire      64%        2x1d7     3%          1
b - Conjure Flame         Conj/Fire      16%        6-21      10%         3
c - Inner Flame           Hex/Fire       16%        N/A       10%         3
d - Sticky Flame          Conj/Fire      16%        2d4       32%         4
e - Fireball              Conj/Fire      8%         3d6       67%         5
f - Magic Dart            Conj           64%        1d6       3%          1
Your spell library was empty.

Dungeon Overview and Level Annotations

Branches:
Dungeon (2/15)

Altars:


Innate Abilities, Weirdness & Mutations

You are immune to sickness and miasma.
You are immune to poison.
Your flesh is very heat resistant. (rF++)
You are vulnerable to cold. (rC-)
You float through the air rather than walking.
You learn spells naturally, not from books.
Your magical power is your life essence.
You have superior vitality. (+4 HP)


Message History

The foxfire hits the endoplasm.
You kill the endoplasm!
The gnoll barely misses you.
Unknown command.
Casting: Foxfire (safe; 3% risk of failure)
Press: ? - help, Q - select action, (/) - cycle Dir - look around, f - activate You conjure some foxfire!
The foxfire hits the gnoll.
You kill the gnoll!
You have reached level 4!
You feel agile.
Casting: Foxfire (safe; 3% risk of failure)
Press: ? - help, Q - select action, (/) - cycle Dir - look around, f - activate You conjure some foxfire!
The foxfire hits the kobold.
The kobold is severely wounded.
The foxfire hits the gnoll but does no damage.
The kobold closely misses you.
Casting: Foxfire (safe; 3% risk of failure)
Press: ? - help, Q - select action, (/) - cycle Dir - look around, f - activate You conjure some foxfire!
The foxfire hits the gnoll.
The gnoll is moderately wounded.
The foxfire hits the gnoll.
The gnoll is heavily wounded.
The gnoll closely misses you. The kobold hits you but does no damage.
The foxfire hits the kobold!
You kill the kobold!
Casting: Foxfire (safe; 3% risk of failure)
Press: ? - help, Q - select action, (/) - cycle Dir - look around, f - activate You conjure some foxfire!
The gnoll hits you with a +3 whip!
* * * LOW HITPOINT WARNING * * *
A frilled lizard comes into view.
The foxfire hits the gnoll.
The gnoll is lightly wounded.
The foxfire hits the gnoll.
The gnoll is heavily wounded.
The gnoll hits you with a +3 whip!
You die...

#.§##.............>.#
#.######............#
#...####............#
#.................[.#
#.....####.#........#
#.....# ##.####....##
#.....# #..# #....#
#...)####.#####.)..#
#.......g.@........#
#####....g÷.#......#
#....#......#....#
#....w..##..#....#
#.#....#.####.######
#....)<..# #.#
#...)..### #.#
....l)... #.#
........# #.#


You could see a worm, 2 gnolls and a frilled lizard.

Vanquished Creatures
  2 gnolls (D:2)
  An adder (D:2)
  A dart slug (D:1)
  5 ball pythons
  2 endoplasms
  2 hobgoblins
  4 jackals (D:1)
  3 bats
  A frilled lizard (D:1)
  4 goblins
  2 kobolds
  A rat (D:1)
28 creatures vanquished.

Vanquished Creatures (others)
  109 foxfires
109 creatures vanquished.

Grand Total: 137 creatures vanquished

Notes
Turn   | Place    | Note
-------+----------+-------------------------------------------
     0 | D:1      | robertstho the Djinni Fire Elementalist began the quest for
                  | the Orb.
     0 | D:1      | Reached XP level 1. HP: 15/15 MP: 0/0
   384 | D:1      | Reached skill level 3 in Spellcasting
   384 | D:1      | Reached XP level 2. HP: 8/21 MP: 0/0
  1354 | D:2      | Reached XP level 3. HP: 8/25 MP: 0/0
  1354 | D:2      | Learned a level 1 spell: Magic Dart
  1696 | D:2      | Reached XP level 4. HP: 17/31 MP: 0/0
  1703 | D:2      | Slain by a gnoll

Illustrated notes

Levels and vault maps discovered:
D:1:      dpeg_arrival_shelter, layout_rooms, minmay_door_square,
          corexii_item_surrounded_by_moat
D:2:      layout_rooms, uniq_crazy_yiuf_cottage, uniq_natasha

Skill      XL: |  1  2  3 |
---------------+----------+-----
Spellcasting   | 3 |  3.8
Stealth        | 2 |  2.1
Dodging        | |  2.4

Action                   |  1- 3 |  4- 6 || total
-------------------------+-------+-------++-------
 Cast: Foxfire           |    64 |     3 ||    67
  Use: Scroll            |     3 |       ||     3
Armor: Robe              |       |     1 ||     1
Dodge: Dodged            |     6 |     2 ||     8

Table legend: (Time is in decaauts)
 A = Elapsed time spent in this place.
 B = Non-inter-level travel time spent in this place.
 C = Inter-level travel time spent in this place.
 D = Time resting spent in this place.
 E = Time spent auto-exploring this place.
 F = Levels seen in this place.
 G = Mean time per level.
                   A        B        C        D        E       F      G
               +--------+--------+--------+--------+--------+-----+--------+
         Total |   1701 |   1660 |     41 |    130 |   1401 |   2 |  850.5 |
       Dungeon |   1701 |   1660 |     41 |    130 |   1401 |   2 |  850.5 |
               +--------+--------+--------+--------+--------+-----+--------+

Top non-repeatable levels by time:
     D:1: 1232 daAuts
     D:2: 469 daAuts
